TOP OF THE 1ST |
Connecticut Tigers batting - Pitching for Chicago (NYP) White Sox : LHP Bobby Dahlgren
|
Pitching: LHP Bobby Dahlgren
|
|
Batting: RHB Janne Vihko
|
0-0: Foul Ball, location: 2F 0-1: Called Strike 0-2: Ground out 6-3 (Groundball, 6, EV 102.5 MPH)
|
Batting: RHB Jaden Warrior
|
0-0: Called Strike 0-1: Swinging Strike 0-2: Ball 1-2: Strikes out swinging
|
Batting: LHB Nick Swank
|
0-0: Ball 1-0: Ball 2-0: Foul Ball, location: 2F 2-1: Ball 3-1: Called Strike 3-2: Strikes out swinging
|
Top of the 1st over - 0 runs, 0 hits, 0 errors, 0 left on base; Connecticut 0 - Chicago (NYP) 0 |
BOTTOM OF THE 1ST |
Chicago (NYP) White Sox batting - Pitching for Connecticut Tigers : RHP Rick Young
|
Pitching: RHP Rick Young
|
|
Batting: SHB Tomas Caldera
|
0-0: Ball 1-0: Ball 2-0: Ball 3-0: Called Strike 3-1: Base on Balls
|
Batting: RHB Bastiaan Leenders
|
0-0: Called Strike Tomas Caldera steals 2nd base 0-1: Swinging Strike 0-2: Ball 1-2: Ball 2-2: SINGLE (Line Drive, 9LS, EV 95.6 MPH) Tomas Caldera to third
|
Batting: RHB Tony Garcia
|
0-0: Called Strike 0-1: Ball 1-1: Foul Ball, location: 2F 1-2: Ball 2-2: Ball Wild Pitch! Tomas Caldera scores Bastiaan Leenders to second 3-2: Ground out 3-1 (Groundball, 34S, EV 88.8 MPH) Bastiaan Leenders to third
|
Batting: SHB Andres Agudo
|
0-0: Fly out, F9 (Line Drive, 9, EV 91.9 MPH)
|
Batting: RHB Tyrell Camp
|
0-0: Foul Ball, location: 2F 0-1: Called Strike 0-2: Ball 1-2: Strikes out swinging
|
Bottom of the 1st over - 1 run, 1 hit, 0 errors, 1 left on base; Connecticut 0 - Chicago (NYP) 1 |
TOP OF THE 2ND |
Connecticut Tigers batting - Pitching for Chicago (NYP) White Sox : LHP Bobby Dahlgren
|
Batting: RHB Zack DiCicco
|
0-0: Ball 1-0: Fly out, F9 (Flyball, 9, EV 93.8 MPH)
|
Batting: RHB Jeremiah Washington
|
0-0: Ground out 6-3 (Groundball, 6M, EV 99.4 MPH)
|
Batting: LHB Antonio Luis
|
0-0: Called Strike 0-1: Ball 1-1: Called Strike 1-2: Ball 2-2: Foul Ball, location: 2F 2-2: Strikes out swinging
|
Top of the 2nd over - 0 runs, 0 hits, 0 errors, 0 left on base; Connecticut 0 - Chicago (NYP) 1 |
BOTTOM OF THE 2ND |
Chicago (NYP) White Sox batting - Pitching for Connecticut Tigers : RHP Rick Young
|
Batting: RHB Yorkis Saiki
|
0-0: Swinging Strike 0-1: Ball 1-1: Swinging Strike 1-2: Ball 2-2: Ground out U3 (Groundball, 3, EV 81.9 MPH)
|
Batting: SHB Veit Geisler
|
0-0: Bunt for hit to 15S - play at first, batter OUT! 1-3
|
Batting: RHB Kunimatsu Oya
|
0-0: Ground out 5-3 (Groundball, 56, EV 88.1 MPH)
|
Bottom of the 2nd over - 0 runs, 0 hits, 0 errors, 0 left on base; Connecticut 0 - Chicago (NYP) 1 |
TOP OF THE 3RD |
Connecticut Tigers batting - Pitching for Chicago (NYP) White Sox : LHP Bobby Dahlgren
|
Batting: RHB Tony Nunez
|
0-0: Fly out, F6 (Popup, 6MS, EV 67.5 MPH)
|
Batting: SHB Ryohei Nakano
|
0-0: Ball 1-0: Swinging Strike 1-1: SINGLE (Groundball, 6MD, EV 100.0 MPH)
|
Batting: SHB Ian Arlotta
|
0-0: Ball 1-0: Foul Ball, location: 2F 1-1: DOUBLE (Line Drive, 9LM, EV 100.6 MPH) Ryohei Nakano to third Runner from 3rd tries for Home, throw by RF and OUT! 9-4-2
|
Batting: RHB Janne Vihko
|
0-0: Ball 1-0: Ball 2-0: Foul Ball, location: 2F 2-1: Ground out U3 (Groundball, 34, EV 83.8 MPH)
|
Top of the 3rd over - 0 runs, 2 hits, 0 errors, 1 left on base; Connecticut 0 - Chicago (NYP) 1 |
BOTTOM OF THE 3RD |
Chicago (NYP) White Sox batting - Pitching for Connecticut Tigers : RHP Rick Young
|
Batting: SHB Noah Long
|
0-0: Called Strike 0-1: Called Strike 0-2: Foul Ball, location: 2F 0-2: Ball 1-2: Strikes out looking
|
Batting: SHB Tomas Caldera
|
0-0: Called Strike 0-1: Ball 1-1: Ground out 4-3 (Groundball, 4, EV 82.5 MPH)
|
Batting: RHB Bastiaan Leenders
|
0-0: Swinging Strike 0-1: Foul Ball, location: 2F 0-2: Strikes out swinging
|
Bottom of the 3rd over - 0 runs, 0 hits, 0 errors, 0 left on base; Connecticut 0 - Chicago (NYP) 1 |
TOP OF THE 4TH |
Connecticut Tigers batting - Pitching for Chicago (NYP) White Sox : LHP Bobby Dahlgren
|
Batting: RHB Jaden Warrior
|
0-0: Called Strike 0-1: Ball 1-1: SINGLE (Groundball, 6MD, EV 96.9 MPH)
|
Batting: LHB Nick Swank
|
0-0: Ball 1-0: Swinging Strike 1-1: Ball 2-1: Fielders Choice at 2nd, 6-4 (Groundball, 6M, EV 80.0 MPH)
|
Batting: RHB Zack DiCicco
|
0-0: Foul Ball, location: 2F 0-1: Foul Ball, location: 2F 0-2: Ball 1-2: Foul Ball, location: 2F 1-2: Ball 2-2: Foul Ball, location: 2F 2-2: Fly out, F4 (Popup, 34, EV 66.2 MPH)
|
Batting: RHB Jeremiah Washington
|
0-0: Ball 1-0: Called Strike 1-1: Foul Ball, location: 2F 1-2: Ball 2-2: Fly out, F8 (Flyball, 8RM, EV 90.6 MPH)
|
Top of the 4th over - 0 runs, 1 hit, 0 errors, 1 left on base; Connecticut 0 - Chicago (NYP) 1 |
BOTTOM OF THE 4TH |
Chicago (NYP) White Sox batting - Pitching for Connecticut Tigers : RHP Rick Young
|
Batting: RHB Tony Garcia
|
0-0: Foul Ball, location: 2F 0-1: Fly out, F9 (Flyball, 89M, EV 91.9 MPH)
|
Batting: SHB Andres Agudo
|
0-0: Ball 1-0: DOUBLE (Line Drive, 89M, EV 91.9 MPH)
|
Batting: RHB Tyrell Camp
|
0-0: Ball 1-0: Called Strike 1-1: Foul Ball, location: 2F 1-2: Ball 2-2: Fly out, F7 (Flyball, 7D, EV 75.6 MPH) Runner from 2nd tags up, SAFE at 3rd, no throw by LF
|
Batting: RHB Yorkis Saiki
|
0-0: Ball 1-0: Swinging Strike 1-1: Called Strike 1-2: Strikes out looking
|
Bottom of the 4th over - 0 runs, 1 hit, 0 errors, 1 left on base; Connecticut 0 - Chicago (NYP) 1 |
TOP OF THE 5TH |
Connecticut Tigers batting - Pitching for Chicago (NYP) White Sox : LHP Bobby Dahlgren
|
Batting: LHB Antonio Luis
|
0-0: Ball 1-0: Called Strike 1-1: Foul Ball, location: 2F 1-2: Fly out, F5 (Popup, 5SF, EV 83.1 MPH)
|
Batting: RHB Tony Nunez
|
0-0: Called Strike 0-1: Ball 1-1: Ball 2-1: Fly out, F8 (Flyball, 78D, EV 92.5 MPH)
|
Batting: SHB Ryohei Nakano
|
0-0: Foul Ball, location: 2F 0-1: Ball 1-1: Reached on error, E4 (Groundball, 4, EV 80.6 MPH)
|
Batting: SHB Ian Arlotta
|
0-0: Fielders Choice at 2nd, 6-4 (Groundball, 6, EV 89.4 MPH)
|
Top of the 5th over - 0 runs, 0 hits, 1 error, 1 left on base; Connecticut 0 - Chicago (NYP) 1 |
BOTTOM OF THE 5TH |
Chicago (NYP) White Sox batting - Pitching for Connecticut Tigers : RHP Rick Young
|
Batting: SHB Veit Geisler
|
0-0: Ball 1-0: Swinging Strike 1-1: Ground out 4-3 (Groundball, 4, EV 98.8 MPH)
|
Batting: RHB Kunimatsu Oya
|
0-0: Ball 1-0: Called Strike 1-1: Ball 2-1: Fly out, F6 (Popup, 6, EV 61.2 MPH)
|
Batting: SHB Noah Long
|
0-0: Called Strike 0-1: Swinging Strike 0-2: Ball 1-2: Strikes out swinging
|
Bottom of the 5th over - 0 runs, 0 hits, 0 errors, 0 left on base; Connecticut 0 - Chicago (NYP) 1 |
TOP OF THE 6TH |
Connecticut Tigers batting - Pitching for Chicago (NYP) White Sox : LHP Bobby Dahlgren
|
Batting: RHB Janne Vihko
|
0-0: Ball 1-0: Ball 2-0: Called Strike 2-1: Foul Ball, location: 2F 2-2: Reached via error on a dropped throw from 2B, E3 (Groundball, 34, EV 84.4 MPH)
|
Batting: RHB Jaden Warrior
|
0-0: Foul Ball, location: 2F 0-1: Fielders Choice at 2nd, 5-4 (Groundball, 56, EV 83.1 MPH)
|
Batting: LHB Nick Swank
|
0-0: Ball 1-0: Fielders Choice at 2nd, 1-6 (Groundball, 34S, EV 66.2 MPH)
|
Batting: RHB Zack DiCicco
|
0-0: Called Strike 0-1: Called Strike 0-2: Ball 1-2: Fly out, F9 (Flyball, 9, EV 92.5 MPH)
|
Top of the 6th over - 0 runs, 0 hits, 1 error, 1 left on base; Connecticut 0 - Chicago (NYP) 1 |
BOTTOM OF THE 6TH |
Chicago (NYP) White Sox batting - Pitching for Connecticut Tigers : RHP Rick Young
|
Batting: SHB Tomas Caldera
|
0-0: Ball 1-0: Ball 2-0: Ground out 1-3 (Groundball, 15S, EV 66.9 MPH)
|
Batting: RHB Bastiaan Leenders
|
0-0: Ground out 4-3 (Groundball, 4, EV 80.6 MPH)
|
Batting: RHB Tony Garcia
|
0-0: Called Strike 0-1: Ball 1-1: Ball 2-1: Swinging Strike 2-2: Strikes out swinging
|
Bottom of the 6th over - 0 runs, 0 hits, 0 errors, 0 left on base; Connecticut 0 - Chicago (NYP) 1 |
TOP OF THE 7TH |
Connecticut Tigers batting - Pitching for Chicago (NYP) White Sox : LHP Bobby Dahlgren
|
Batting: RHB Jeremiah Washington
|
0-0: Ball 1-0: SINGLE (Flyball, 8LS, EV 91.9 MPH)
|
Pinch Hitting: RHB Khalil Coleman
|
0-0: Ball Passed Ball! Jeremiah Washington to second 1-0: Ground out 1-3 (Groundball, 13S, EV 68.1 MPH) Jeremiah Washington to third
|
Batting: RHB Tony Nunez
|
0-0: Fly out, F7 (Flyball, 7D, EV 88.8 MPH) Runner from 3rd tags up, SCORES, no throw by LF
|
Batting: SHB Ryohei Nakano
|
0-0: Called Strike 0-1: Ball 1-1: Swinging Strike 1-2: Strikes out swinging
|
Top of the 7th over - 1 run, 1 hit, 0 errors, 0 left on base; Connecticut 1 - Chicago (NYP) 1 |
BOTTOM OF THE 7TH |
Chicago (NYP) White Sox batting - Pitching for Connecticut Tigers : RHP Rick Young
|
Now in LF: Kaleb Yerger
|
|
Batting: SHB Andres Agudo
|
0-0: Foul Ball, location: 2F 0-1: Foul Ball, location: 2F 0-2: Strikes out swinging
|
Batting: RHB Tyrell Camp
|
0-0: Ball 1-0: Ball 2-0: Foul Ball, location: 2F 2-1: Foul Ball, location: 2F 2-2: Strikes out swinging
|
Batting: RHB Yorkis Saiki
|
0-0: Ball 1-0: Foul Ball, location: 2F 1-1: Foul Ball, location: 2F 1-2: Ball 2-2: Strikes out swinging
|
Bottom of the 7th over - 0 runs, 0 hits, 0 errors, 0 left on base; Connecticut 1 - Chicago (NYP) 1 |
TOP OF THE 8TH |
Connecticut Tigers batting - Pitching for Chicago (NYP) White Sox : LHP Bobby Dahlgren
|
Batting: SHB Ian Arlotta
|
0-0: Called Strike 0-1: Ball 1-1: Called Strike 1-2: Ball 2-2: Foul Ball, location: 2F 2-2: Ground out 5-3 (Groundball, 56, EV 86.9 MPH)
|
Batting: RHB Janne Vihko
|
0-0: Ball 1-0: Ball 2-0: Foul Ball, location: 2F 2-1: Swinging Strike 2-2: Strikes out swinging
|
Batting: RHB Jaden Warrior
|
0-0: Fly out, F8 (Flyball, 8RD, EV 88.8 MPH)
|
Top of the 8th over - 0 runs, 0 hits, 0 errors, 0 left on base; Connecticut 1 - Chicago (NYP) 1 |
BOTTOM OF THE 8TH |
Chicago (NYP) White Sox batting - Pitching for Connecticut Tigers : RHP Rick Young
|
Pitching: LHP Victor Villarreal
|
|
Batting: SHB Veit Geisler
|
0-0: Ball 1-0: Foul Ball, location: 2F 1-1: Ball 2-1: Foul Ball, location: 2F 2-2: Strikes out looking
|
Batting: RHB Kunimatsu Oya
|
0-0: Foul Ball, location: 2F 0-1: Ball 1-1: Foul Ball, location: 2F 1-2: Ball 2-2: Ball 3-2: Strikes out swinging
|
Batting: SHB Noah Long
|
0-0: Foul Ball, location: 2F 0-1: Called Strike 0-2: Fly out, F9 (Line Drive, 89D, EV 91.2 MPH)
|
Bottom of the 8th over - 0 runs, 0 hits, 0 errors, 0 left on base; Connecticut 1 - Chicago (NYP) 1 |
TOP OF THE 9TH |
Connecticut Tigers batting - Pitching for Chicago (NYP) White Sox : LHP Bobby Dahlgren
|
Batting: LHB Nick Swank
|
0-0: Called Strike 0-1: Swinging Strike 0-2: Ball 1-2: Foul Ball, location: 2F 1-2: Strikes out looking
|
Batting: RHB Zack DiCicco
|
0-0: Ball 1-0: Called Strike 1-1: Ground out U3 (Groundball, 34, EV 111.2 MPH)
|
Batting: RHB Jeremiah Washington
|
0-0: Ball 1-0: Ball 2-0: Ball 3-0: Base on Balls
|
Pitching: LHP Jonas Jennings
|
|
Batting: RHB Kaleb Yerger
|
0-0: Swinging Strike 0-1: Ball 1-1: SINGLE (Groundball, 34S, EV 81.9 MPH) (infield hit) Jeremiah Washington to second
|
Batting: RHB Tony Nunez
|
0-0: Foul Ball, location: 2F 0-1: Foul Ball, location: 2F 0-2: Ball 1-2: Ball 2-2: Fielders Choice at 2nd, 5-4 (Groundball, 5, EV 103.1 MPH)
|
Top of the 9th over - 0 runs, 1 hit, 0 errors, 2 left on base; Connecticut 1 - Chicago (NYP) 1 |
BOTTOM OF THE 9TH |
Chicago (NYP) White Sox batting - Pitching for Connecticut Tigers : LHP Victor Villarreal
|
Batting: SHB Tomas Caldera
|
0-0: Ground out 6-3 (Groundball, 6, EV 103.8 MPH)
|
Batting: RHB Bastiaan Leenders
|
0-0: Swinging Strike 0-1: Foul Ball, location: 2F 0-2: Ball 1-2: Ball 2-2: SINGLE (Groundball, 34D, EV 110.0 MPH)
|
Batting: RHB Tony Garcia
|
0-0: Called Strike 0-1: Foul Ball, location: 2F 0-2: Foul Ball, location: 2F 0-2: Ball 1-2: Foul Ball, location: 2F 1-2: Ball 2-2: Ball 3-2: Foul Ball, location: 2F 3-2: Base on Balls Bastiaan Leenders to second
|
Batting: SHB Andres Agudo
|
0-0: Ball 1-0: Called Strike 1-1: Foul Ball, location: 2F 1-2: Hit by Pitch Bastiaan Leenders to third Tony Garcia to second
|
Batting: RHB Tyrell Camp
|
0-0: Ball 1-0: Ball Passed Ball! Bastiaan Leenders scores
|
Bottom of the 9th over - 1 run, 1 hit, 0 errors, 2 left on base; Connecticut 1 - Chicago (NYP) 2 |
|